Map: [ESL] Moondance

Players

Elazer - Winner!

  • Race: Zerg Zerg
  • Spawn Location: 12:00

RagnaroK (SHIN)

  • Race: Zerg Zerg
  • Spawn Location: 6:00

Event: DreamHack SC2 Masters 2022 Valencia

VOD

Have the link to the VOD?

Description

Time

  • Played on: July 2, 2022, 11:07 a.m.
  • Length: 6:50

All games in this series

Show
View Real Time Build Order
Export as new Build Order

Elazer Zerg - Winner!

Build Orders: Hatch First 

Get SALT Encoding   

  12  0:00  Drone  
  13  0:12  Overlord  
  13  0:16  Drone  
  14  0:30  Drone x2  
  16  0:48  Hatchery  
  15  0:51  Drone  
  15  0:54  Drone  
  17  1:08  Spawning Pool  
  17  1:10  Drone  
  17  1:16  Extractor, Drone  
  17  1:20  Drone  
  18  1:28  Drone  
  19  1:55  Zergling x4  
  19  1:59  Queen x2  
  19  2:00  Zergling x4  
  23  2:17  Zergling x2  
  23  2:21  Drone  
  18  2:38  Drone  
  18  2:41  Drone  
  20  2:45  Drone  
  20  2:51  Drone  
  22  2:55  Drone  
  23  2:59  Drone  
  23  3:04  Drone  
  25  3:09  Drone  
  25  3:12  Drone  
  27  3:15  Drone  
  28  3:22  Overlord  
  28  3:40  Drone x6  
  34  3:42  Drone  
  35  3:51  Drone  
  35  3:54  Overlord  
  36  4:02  Overlord  
  36  4:09  Overlord  
  36  4:20  Overlord x2  
  36  4:21  Drone x3  
  39  4:30  Metabolic Boost  
  39  4:31  Zergling x2  
  39  4:37  Hatchery  
  39  4:43  Zergling x8  
  43  4:50  Baneling Nest  
  42  4:54  Zergling x8  
  46  5:07  Zergling x12  
  53  5:14  Zergling x4  
  53  5:19  Zergling x2  
  55  5:23  Zergling x8  
  59  5:33  Zergling x2  
  60  5:49  Zergling x8  
  63  5:51  Baneling x4  
  63  5:52  Baneling  
  62  5:58  Zergling x8  
  62  6:05  Zergling x10  
  62  6:10  Zergling x2  
  63  6:15  Baneling x3  
  63  6:16  Zergling x4  
  62  6:23  Baneling, Zergling x8  
  62  6:24  Zergling x2  
  66  6:27  Zergling x2  
Show
View Real Time Build Order
Export as new Build Order

RagnaroK Zerg 

Build Orders: Pool First 

Get SALT Encoding   

  12  0:16  Spawning Pool  
  11  0:22  Drone  
  11  0:25  Drone  
  13  0:30  Drone  
  14  0:39  Overlord  
  14  1:03  Zergling x4  
  16  1:05  Zergling x2  
  17  1:16  Zergling x2  
  18  1:20  Hatchery  
  18  1:22  Spine Crawler  
  17  1:27  Zergling x2  
  18  1:37  Hatchery  
  17  1:41  Zergling x2  
  18  1:48  Zergling x2  
  19  2:01  Zergling x2  
  19  2:11  Zergling x2  
  20  2:17  Queen  
  20  2:20  Drone  
  20  2:31  Drone  
  19  2:41  Drone  
  19  2:48  Queen  
  19  2:49  Drone  
  22  2:52  Drone  
  22  2:53  Queen  
  25  3:01  Overlord  
  25  3:03  Drone  
  26  3:11  Drone  
  27  3:13  Drone  
  28  3:21  Drone  
  28  3:25  Drone x2  
  28  3:27  Drone  
  32  3:32  Queen  
  34  3:37  Overlord  
  34  3:40  Drone  
  35  3:44  Drone, Extractor  
  35  3:45  Extractor  
  35  3:47  Drone  
  35  3:54  Overlord  
  35  3:56  Drone  
  35  3:57  Drone  
  35  4:00  Drone  
  35  4:01  Drone  
  39  4:05  Drone  
  39  4:07  Drone  
  39  4:09  Drone  
  42  4:12  Evolution Chamber  
  42  4:17  Drone  
  42  4:18  Drone  
  42  4:21  Drone  
  43  4:27  Metabolic Boost  
  42  4:33  Roach Warren  
  42  4:38  Overlord  
  41  4:43  Overlord  
  41  5:13  Roach x9  
  59  5:16  Overlord  
  59  5:23  Zergling x6  
  59  5:24  Zergling x2  
  59  5:26  Zergling x2  
  59  5:27  Zergling x2  
  65  5:37  Zergling x2  
  65  5:38  Zergling x2  
  67  5:46  Zergling x4  
  69  5:50  Zergling x4  
  69  5:52  Hatchery  
  68  5:57  Drone x3  
  67  6:04  Roach  
  67  6:05  Roach x2  
  67  6:10  Roach  
  65  6:12  Roach  
  65  6:15  Roach  
  65  6:17  Roach  
  59  6:20  Roach  
  59  6:24  Evolution Chamber  
  59  6:25  Roach  
  62  6:28  Roach  

Tags
 
Add a new tag
Caveats
  • Supply blocks, unpowered buildings, or Contaminate may cause inaccurate times.
  • Supply counts are checked every 10 seconds.